 Dungeon Crawl Stone Soup version 0.22-a0-447-gee5f723 (webtiles) character file.

26360 suicidejoker the Fighter (level 13, 0/133 HPs)
             Began as a Gargoyle Fighter on May 31, 2018.
             Was an Initiate of Gozag.
             Slain by a tengu warrior
             ... wielding a +0 battleaxe
             ... led by a tengu warrior
              (1 damage)
             ... on level 12 of the Dungeon on June 4, 2018.
             The game lasted 00:49:22 (15138 turns).

suicidejoker the Fighter (Gargoyle Fighter)        Turns: 15138, Time: 00:49:22

Health: 0/133      AC: 26    Str: 25    XL:     13   Next: 25%
Magic:  0/19       EV:  2    Int: 10    God:    Gozag
Gold:   407        SH:  0    Dex: 22    Spells: 12/12 levels left

rFire    . . .     SeeInvis .   K - +4 great sword
rCold    . . .     Gourm    .   (shield currently unavailable)
rNeg     + + +     Faith    .   (armour currently unavailable)
rPois    ∞         Spirit   +   (helmet currently unavailable)
rElec    .         Reflect  .   (cloak currently unavailable)
rCorr    .         Harm     .   (gloves currently unavailable)
MR       .....     NoTele   +   (boots currently unavailable)
Stlth    +++.......             L - amulet of guardian spirit
HPRegen  0.32/turn              d - +4 ring of dexterity
MPRegen  0.16/turn              F - ring of positive energy

@: mighty, agile, tree-form, gold aura
A: negative energy resistance 1, petrification resistance, rot immunity, AC +9
a: Potion Petition, Call Merchant, Bribe Branch, Renounce Religion


You were on level 12 of the Dungeon.
You worshipped Gozag.
Gozag was aware of your devotion.
You were near starving.
You were a tree.
You visited 3 branches of the dungeon, and saw 16 of its levels.
You visited 1 bazaar.

You collected 3579 gold pieces.
You spent 1768 gold pieces at shops.
You paid 1404 gold pieces to Gozag.

Inventory:

Hand Weapons
 l - a +0 shortbow
 K - a +4 great sword (weapon)
 P - a +0 hand crossbow
 Q - a +4 long sword
Missiles
 b - 124 arrows
 e - 195 bolts
 h - 8 javelins
 i - 3 throwing nets
 k - 331 stones (quivered)
 n - 90 sling bullets
 o - 5 tomahawks of returning
 x - 48 poisoned needles
 B - 11 tomahawks
Armour
 c - a +2 shield
 C - a +1 chain mail of cold resistance (melded)
 E - a +1 pair of boots (melded)
Jewellery
 d - a +4 ring of dexterity (left branch)
 t - an uncursed ring of ice
 F - a ring of positive energy (right branch)
 L - an amulet of guardian spirit (around neck)
 M - an uncursed ring of fire
Wands
 a - a wand of iceblast (5)
 O - a wand of flame (19)
 S - a wand of paralysis (11)
Scrolls
 g - a scroll of remove curse
 m - 7 scrolls of teleportation
 r - 2 scrolls of identify
 u - 2 scrolls of blinking
 y - a scroll of magic mapping
 D - a scroll of fear
Potions
 p - 3 potions of flight
 q - a potion of haste
 v - a potion of mutation {unknown}
 A - 3 potions of magic
 G - a potion of agility {unknown}
 H - a potion of invisibility {unknown}
 N - 2 potions of cancellation {unknown}
 R - 2 potions of lignification
 W - a potion of brilliance {unknown}
Comestibles
 f - 20 rations


   Skills:
 * Level 13.7 Fighting
 * Level 9.1 Long Blades
 + Level 10.4 Armour
 + Level 10.3 Shields
 * Level 8.4 Evocations


You had 12 spell levels left.
You didn't know any spells.
Your spell library contained the following spells:

 Spells                   Type           Power        Failure   Level  Hunger
 Apportation              Tloc           #.....       36%         1    ##.....
 Summon Small Mammal      Summ           #...         36%         1    ##.....
 Animate Dead             Necr           N/A          98%         4    #####..
 Pain                     Necr           #...         36%         1    ##.....
 Animate Skeleton         Necr           N/A          36%         1    ##.....
 Vampiric Draining        Necr           #.........   75%         3    ####...
 Regeneration             Chrm/Necr      #.........   75%         3    ####...
 Confusing Touch          Hex            #.....       36%         1    ##.....


Dungeon Overview and Level Annotations

Branches:
Dungeon (13/15)            Temple (1/1) D:6            Lair (0/6) D:8
    Orc (2/2) D:12            Elf (0/3) Orc:2
 Vaults: D:13-14

Altars:
Fedhas
Gozag
Kikubaaqudgha
Makhleb
Okawaru
Ru
Sif Muna
Trog
Wu Jian
Xom
The Shining One

Shops:
Orc:2 }=**


Innate Abilities, Weirdness & Mutations

You are resistant to torment.
((Your stone body is resilient. (AC +9)))
You are immune to poison.
You resist negative energy. (rN+)
((You are resistant to electric shocks. (rElec)))
((You can survive without breathing.))
You are immune to petrification.
You are immune to rotting.


Message History

The burst of metal fragments hits the tengu warrior. x4
The tengu warrior is moderately wounded.
The now-empty wand crumbles to dust.
The tengu warrior shoots a bolt.
The bolt hits you.
* * * LOW HITPOINT WARNING * * *
Evoke which item? (* to show all) (? for menu, Esc to quit)
Aiming: Paralyse
Press: ? - help, Shift-Dir - straight line, f/p - tengu warrior
Aim: a tengu warrior, wielding an arbalest and wearing a ring mail (moderately wounded, chance to defeat MR: 51%)
The tengu warrior resists with significant effort.
Evoke which item? (* to show all) (? for menu, Esc to quit)
Aiming: Paralyse
Press: ? - help, Shift-Dir - straight line, f/p - tengu warrior
Aim: a tengu warrior, wielding an arbalest and wearing a ring mail (moderately wounded, chance to defeat MR: 51%)
The tengu warrior resists with significant effort.
The tengu warrior unwields an uncursed arbalest.
The tengu warrior wields an uncursed battleaxe.
The tengu warrior hits you with an uncursed battleaxe.
You die...
Your body crumbles into a pile of gold.

#..............................
#.#############..############..
#.# #..# #.. #.# #..# #.. #)#
#..# ###.. #.#############..#
#>#<.
#................##########[)..
#............Q$................
#.############♣.##############.
#.# #..# #. #.# #..# #) #.#
#..# #. #.# #..##############.
#.############.................
#..............................
#.#############................
#.# #..############..


You could see a tengu warrior.

Vanquished Creatures
  The ghost of Gorfmaster the Grappler, a journeyman TrFi of the Shining One (D:12)
  Snorg (Orc:2)
  Harold (Orc:1)
  A death knight (D:11)
  The ghost of garrulousMonolith the Geomancer, a journeyman GrEE of Vehumet (D:10)
  2 two-headed ogres
  A tengu warrior (D:12)
  3 orc high priests (Orc:2)
  An unseen horror (D:11)
  4 orc knights (Orc:2)
  Pikel (D:5)
  4 orc sorcerers (Orc:2)
  An ugly thing (D:11)
  A cyclops (Orc:1)
  A centaur skeleton (D:10)
  A kobold demonologist (D:12)
  2 gargoyles (D:11)
  A troll (Orc:1)
  A meliai (D:12)
  Grinder (D:3)
  3 hippogriffs
  4 wraiths
  2 wyverns (D:12)
  6 yaks
  A hungry ghost (D:9)
  2 steam dragons (D:11)
  2 wargs (Orc:2)
  2 soldier ants
  18 orc warriors
  A porcupine (D:8)
  An ice beast (D:8)
  3 sky beasts
  A slave (D:5)
  A necrophage (D:9)
  4 phantoms
  3 black bears (D:8)
  An eye of draining (D:9)
  8 ogres
  3 centaurs
  3 crocodiles
  3 big kobolds
  10 bullfrogs
  A gnoll sergeant (D:8)
  A wyvern zombie (D:6)
  A scorpion (D:11)
  9 killer bees
  10 wights
  4 howler monkeys
  6 crimson imps
  3 centaur zombies
  2 bullfrog zombies
  4 jellies
  8 hounds
  13 orc priests
  A bullfrog skeleton (D:7)
  27 orc wizards
  Jessica (D:2)
  Terence (D:2)
  3 iguanas
  9 worker ants
  A hound zombie (D:9)
  2 hound skeletons (D:9)
  A howler monkey skeleton (D:6)
  A worker ant zombie (D:6)
  3 gnolls (D:8)
  11 adders
  3 shadow imps
  An ooze (D:2)
  An adder skeleton (D:9)
  2 worms (D:3)
  A dart slug (D:1)
  8 leopard geckos
  55 orcs
  3 giant cockroaches
  7 goblins
  8 hobgoblins
  6 jackals
  23 kobolds
  8 quokkas
  7 bats
  2 frilled lizards
  8 rats
378 creatures vanquished.

Vanquished Creatures (others)
  A wizard (D:4)
  3 orcs (D:5)
  A giant cockroach (D:5)
  4 fungi (D:8)
9 creatures vanquished.

Grand Total: 387 creatures vanquished

Notes
Turn   | Place    | Note
-------+----------+-------------------------------------------
     0 | D:1      | suicidejoker the Gargoyle Fighter began the quest for the Orb.
     0 | D:1      | Reached XP level 1. HP: 14/14 MP: 1/1
    61 | D:1      | Reached XP level 2. HP: 14/19 MP: 2/2
   258 | D:1      | Reached XP level 3. HP: 24/24 MP: 3/3
   452 | D:1      | Reached skill level 4 in Fighting
   453 | D:1      | Upgraded the game from 0.22-a0-443-g17c3723 to 0.22-a0-447-gee5f723
   861 | D:2      | Noticed Jessica
   876 | D:2      | Killed Jessica
   876 | D:2      | Reached XP level 4. HP: 29/29 MP: 4/4
  1050 | D:2      | Noticed Terence
  1059 | D:2      | Killed Terence
  1944 | D:3      | Reached XP level 5. HP: 30/34 MP: 5/5
  2165 | D:3      | Noticed Grinder
  2169 | D:3      | Paralysed by Grinder for 2 turns
  2177 | D:3      | Paralysed by Grinder for 7 turns
  2192 | D:3      | Paralysed by Grinder for 6 turns
  2200 | D:3      | Killed Grinder
  2200 | D:3      | Reached skill level 5 in Fighting
  2200 | D:3      | Reached XP level 6. HP: 13/40 MP: 6/6
  2712 | D:3      | Found a faded altar of an unknown god.
  2929 | D:4      | Found a bloodstained altar of Trog.
  2930 | D:4      | Noticed a wizard
  2936 | D:4      | Killed a wizard
  3574 | D:5      | Entered Level 5 of the Dungeon
  3607 | D:5      | Reached XP level 7. HP: 44/45 MP: 7/7
  3663 | D:5      | Reached skill level 6 in Fighting
  3728 | D:5      | Noticed Pikel
  3751 | D:5      | Killed Pikel
  3751 | D:5      | Reached skill level 7 in Fighting
  3751 | D:5      | Reached skill level 5 in Armour
  3751 | D:5      | Reached skill level 5 in Shields
  3751 | D:5      | Reached XP level 8. HP: 53/53 MP: 8/8
  4373 | D:6      | Found a blossoming altar of Fedhas.
  4578 | D:6      | Found a staircase to the Ecumenical Temple.
  4601 | D:6      | Reached skill level 8 in Fighting
  4618 | Temple   | Entered the Ecumenical Temple
  4625 | Temple   | Became a worshipper of Gozag Ym Sagoz the Greedy
  5285 | D:6      | Reached XP level 9. HP: 43/60 MP: 9/9
  5628 | D:6      | Reached skill level 5 in Long Blades
  5733 | D:7      | Reached skill level 9 in Fighting
  6495 | D:8      | Found a staircase to the Lair.
  6511 | D:8      | Reached skill level 10 in Fighting
  6516 | D:8      | Reached XP level 10. HP: 65/68 MP: 10/10
  6574 | D:8      | Found an iron altar of Okawaru.
  6861 | D:8      | Found a shimmering altar of Xom.
  6861 | D:8      | Found a deep blue altar of Sif Muna.
  7264 | D:8      | Reached skill level 1 in Evocations
  7683 | D:9      | Found an ancient bone altar of Kikubaaqudgha.
  7683 | D:9      | Found a glowing golden altar of the Shining One.
  8178 | D:9      | Noticed a two-headed ogre
  8185 | D:9      | Killed a two-headed ogre
  8185 | D:9      | Reached skill level 11 in Fighting
  8238 | D:9      | Found a sacrificial altar of Ru.
  8379 | D:9      | Found a burning altar of Makhleb.
  8485 | D:10     | Entered Level 10 of the Dungeon
  8517 | D:10     | Reached XP level 11. HP: 57/74 MP: 11/14
  8520 | D:10     | Noticed garrulousMonolith's ghost (journeyman GrEE)
  8543 | D:10     | Killed garrulousMonolith's ghost
  9183 | D:10     | Reached skill level 5 in Evocations
  9331 | D:11     | Noticed a two-headed ogre
  9366 | D:11     | Killed a two-headed ogre
  9370 | D:11     | Reached skill level 12 in Fighting
  9507 | D:11     | Found a flickering gateway to a bazaar.
  9515 | Bazaar   | Entered a bazaar
  9636 | Bazaar   | Found Xeeck's Book Boutique.
  9654 | Bazaar   | Found Setainusch's Distillery.
  9659 | Bazaar   | Bought a potion of curing for 42 gold pieces
  9659 | Bazaar   | Bought a potion of might for 56 gold pieces
  9659 | Bazaar   | Bought a potion of curing for 42 gold pieces
  9659 | Bazaar   | Bought a potion of heal wounds for 70 gold pieces
  9659 | Bazaar   | Bought a potion of lignification for 42 gold pieces
  9659 | Bazaar   | Bought a potion of lignification for 42 gold pieces
  9671 | Bazaar   | Found Atonn's Book Boutique.
  9688 | Bazaar   | Found Ryt Baaff's Antique Weapon Shoppe.
  9693 | Bazaar   | Bought a steaming dagger for 161 gold pieces
  9693 | Bazaar   | Bought a runed demon trident for 414 gold pieces
  9722 | D:11     | Identified the +3 dagger "Qasonul" {drain, *Corrode Dex+5} (You bought it in a shop in a bazaar)
 10048 | D:11     | Killed an unseen horror
 10199 | D:11     | Noticed a purple ugly thing
 10217 | D:11     | Killed a purple ugly thing
 10462 | D:12     | Noticed a death knight
 10496 | D:11     | Killed a death knight
 10496 | D:11     | Reached XP level 12. HP: 27/82 MP: 1/16
 10798 | D:12     | Found a staircase to the Orcish Mines.
 11012 | D:12     | Got a ripped robe
 11019 | D:12     | Noticed Gorfmaster's ghost (journeyman TrFi)
 11054 | D:12     | Killed Gorfmaster's ghost
 11187 | D:12     | Found an opulent altar of Gozag.
 12185 | D:12     | Identified the cursed +1 robe of Peek-a-Boo {rPois} (You found it on level 12 of the Dungeon)
 12251 | Orc:1    | Entered Level 1 of the Orcish Mines
 12254 | Orc:1    | Noticed Harold
 12308 | Orc:1    | Killed Harold
 12535 | Orc:2    | Entered Level 2 of the Orcish Mines
 12787 | Orc:2    | Found a staircase to the Elven Halls.
 13061 | Orc:2    | Found Hyngiupp's General Store.
 13069 | Orc:2    | Reached skill level 13 in Fighting
 13070 | Orc:2    | Noticed an orc high priest
 13076 | Orc:2    | Noticed a sun demon
 13080 | Orc:2    | Noticed an orc high priest
 13082 | Orc:2    | Killed an orc high priest
 13091 | Orc:2    | Killed an orc high priest
 13091 | Orc:2    | Reached skill level 10 in Armour
 13097 | Orc:2    | Noticed an orc high priest
 13110 | Orc:2    | Killed an orc high priest
 13110 | Orc:2    | Reached skill level 10 in Shields
 13297 | Orc:2    | Reached XP level 13. HP: 88/88 MP: 18/18
 13622 | Orc:2    | Found Etipoonu's General Store.
 13626 | Orc:2    | Bought a ration for 65 gold pieces
 13626 | Orc:2    | Bought a scroll of teleportation for 39 gold pieces
 13626 | Orc:2    | Bought 25 bolts for 65 gold pieces
 13628 | Orc:2    | Bought a scroll of teleportation for 42 gold pieces
 13628 | Orc:2    | Bought a ration for 70 gold pieces
 13628 | Orc:2    | Bought a scroll of identify for 28 gold pieces
 13628 | Orc:2    | Bought a scroll of identify for 28 gold pieces
 13628 | Orc:2    | Bought a potion of ambrosia for 112 gold pieces
 13628 | Orc:2    | Found Wemmocan's Jewellery Emporium.
 13630 | Orc:2    | Found Uhit's Gadget Shop.
 13638 | Orc:2    | Bought a wand of scattershot (2) for 270 gold pieces
 13638 | Orc:2    | Bought a wand of paralysis (10) for 180 gold pieces
 13788 | Orc:1    | Noticed Snorg
 14196 | Orc:2    | Killed Snorg
 15135 | D:12     | HP: 5/133 [tengu warrior/bolt[a tengu warrior] (5)]
 15136 | D:12     | HP: 1/133 [tengu warrior/bolt[a tengu warrior] (5)]
 15138 | D:12     | Slain by a tengu warrior

Vault maps used:
D:1:      eino_arrival_cavern_d
D:2:      uniq_jessica, uniq_terence
D:3:      first_ration, chequers_ecumenical_altar_simple, uniq_grinder
D:4:      trog_wizard
D:5:      uniq_pikel
D:6:      lemuel_crystal_altar, minmay_temple_entry_statues
D:8:      chequers_temple_overflow_statue_of_worship,
          due_lair_maze_entry_diamond, basic_altar
D:9:      gammafunk_temple_overflow_elements, marbit_many_paths,
          makhleb_blood_cavern_becter, minmay_misc_feat_alley,
          blue_anna_alchemist
D:11:     serial_shops, bzr_in_the_mist
D:12:     orc_0_dummy, nicolae_gozag_cash_rules_everything_around_me
D:13:     serial_shops, shop, uniq_kirke, uniq_nessos
Temple:   regret_index_temple_waves
Orc:1:    serial_shops, uniq_harold, uniq_snorg
Orc:2:    st_orc_elflike, mines2_lemuel
Bazaar:   bazaar_jpeg_circle_common

Skill      XL: |  1  2  3  4  5  6  7  8  9 10 11 12 13 |
---------------+----------------------------------------+-----
Long Blades    | 2 3 4 5 6 7 8 9 |  9.1
Fighting       | 4 5 7 8 10 11 12 13 | 13.7
Armour         | 4 5 6 7 8 9 10 | 10.4
Shields        | 4 5 6 7 8 9 10 | 10.3
Evocations     | 4 6 7 8 |  8.4

Action                   |  1- 3 |  4- 6 |  7- 9 | 10-12 | 13-15 || total
-------------------------+-------+-------+-------+-------+-------++-------
Melee: Long sword        |   109 |   130 |   418 |   591 |       ||  1248
       Unarmed           |       |     2 |    14 |       |       ||    16
       Great sword       |       |       |       |   317 |   105 ||   422
Throw: Stone             |       |     6 |    12 |    19 |     1 ||    38
Invok: Potion Petition   |       |       |       |     2 |     2 ||     4
Evoke: Wand              |       |       |       |    26 |     5 ||    31
  Use: Potion            |       |     2 |     2 |    13 |     9 ||    26
       Scroll            |       |       |    20 |    18 |     1 ||    39
 Stab: Distracted        |       |       |     1 |     5 |       ||     6
       Paralysed         |       |       |       |    37 |       ||    37
       Invisible         |       |       |       |       |     1 ||     1
  Eat: Ration            |       |     2 |     2 |     8 |     1 ||    13
       Chunk             |       |     2 |     4 |       |       ||     6
Armor: Scale mail        |    73 |    55 |       |       |       ||   128
       Skin              |       |     1 |    37 |       |     3 ||    41
       Plate armour      |       |     8 |   282 |       |       ||   290
       Chain mail        |       |       |    32 |   600 |   158 ||   790
Dodge: Dodged            |    39 |    48 |    82 |   263 |    81 ||   513
Block: Shield            |    60 |    77 |   321 |   417 |       ||   875
       Rpst.: Long sword |    16 |    18 |    21 |    41 |       ||    96
       Great sword       |       |       |       |    49 |    28 ||    77

Table legend:
 A = Spawn XP
 B = Non-spawn XP
 C = Spawn XP percentage of total XP
 D = Spawn monster count
 E = Non-spawn monster count
 F = Spawn count percentage of total count
 G = Total turns spent on level
                    A         B        C        D         E        F      G
               +---------+---------+-------+---------+---------+-------+---------
         Total |       0 |   37658 |   0.0 |       0 |     377 |   0.0 | 15138
               +---------+---------+-------+---------+---------+-------+---------
           D:1 |       0 |      50 |   0.0 |       0 |      28 |   0.0 |   647
           D:2 |       0 |     101 |   0.0 |       0 |      10 |   0.0 |  1156
           D:3 |       0 |     392 |   0.0 |       0 |      24 |   0.0 |  1123
           D:4 |       0 |      43 |   0.0 |       0 |       5 |   0.0 |   648
           D:5 |       0 |     949 |   0.0 |       0 |      18 |   0.0 |   727
           D:6 |       0 |    1410 |   0.0 |       0 |      34 |   0.0 |  1343
           D:7 |       0 |     585 |   0.0 |       0 |      11 |   0.0 |   570
           D:8 |       0 |    2961 |   0.0 |       0 |      32 |   0.0 |  1259
           D:9 |       0 |    2449 |   0.0 |       0 |      29 |   0.0 |   997
          D:10 |       0 |    3575 |   0.0 |       0 |      30 |   0.0 |   826
          D:11 |       0 |    6232 |   0.0 |       0 |      34 |   0.0 |  1058
          D:12 |       0 |    5363 |   0.0 |       0 |      42 |   0.0 |  1748
          D:13 |       0 |       3 |   0.0 |       0 |       1 |   0.0 |    13
         Orc:1 |       0 |    2787 |   0.0 |       0 |      26 |   0.0 |   875
         Orc:2 |       0 |   10758 |   0.0 |       0 |      53 |   0.0 |  1928
               +---------+---------+-------+---------+---------+-------+---------
